 Dungeon Crawl Stone Soup version 0.25-a0-424-g80bd347ae0 (webtiles) character file.

Game seed: 8206650986589344044, levelgen mode: deterministic

142 Esekla the Gusty (level 5, -1/36 HPs)
             Began as a Human Air Elementalist on Jan 20, 2020.
             Slain by an orc
             ... wielding a +0 hand axe
              (5 damage)
             ... on level 2 of the Dungeon.
             The game lasted 00:12:36 (2298 turns).

Esekla the Gusty (Human Air Elementalist)           Turns: 2298, Time: 00:12:38

Health: -1/36      AC:  2    Str:  9    XL:     5   Next: 49%
Magic:  1/9        EV: 13    Int: 16    God:
Gold:   29         SH:  0    Dex: 13    Spells: 9/10 levels left

rFire    . . .     SeeInvis .   l - +2 short sword (venom)
rCold    . . .     Gourm    .   (no shield)
rNeg     . . .     Faith    .   a - +0 robe
rPois    .         Spirit   .   (no helmet)
rElec    .         Reflect  .   (no cloak)
rCorr    .         Harm     .   (no gloves)
MR       .....                  (no boots)
Stlth    ++........             (no amulet)
HPRegen  0.12/turn              (no ring)
MPRegen  0.11/turn              (no ring)

@: no status effects
A: no striking features
a: no special abilities


You were on level 2 of the Dungeon.
You were near starving.

You visited 1 branch of the dungeon, and saw 3 of its levels.

You collected 29 gold pieces.

Inventory:

Hand Weapons
 l - a +2 short sword of venom (weapon)
Armour
 a - a +0 robe (worn)
Potions
 d - a potion of flight {unknown}
 e - a potion of curing {unknown}
 f - a potion of mutation
 i - a potion of might {unknown}
Comestibles
 c - 5 rations


   Skills:
 + Level 0.7 Fighting
 + Level 0.2 Short Blades
 * Level 3.1 Dodging
 - Level 2.0 Stealth
 * Level 3.1 Spellcasting
 * Level 2.0 Conjurations
 + Level 3.7 Air Magic


You had 9 spell levels left.
You knew the following spells:

 Your Spells              Type           Power        Failure   Level  Hunger
a - Shock                 Conj/Air       ##..         6%          1    None

Your spell library contained the following spells:

 Spells                   Type           Power        Failure   Level  Hunger
 Swiftness                Chrm/Air       #.......     13%         2    ##.....
 Static Discharge         Conj/Air       ##......     17%         3    ###....
 Airstrike                Air            ##........   36%         4    ####...
 Lightning Bolt           Conj/Air       ##........   85%         5    ######.


Dungeon Overview and Level Annotations

Branches:
Dungeon (3/15)

Altars:
Vehumet


Message History

The orc wizard is almost dead.
The zap hits the orc wizard but does no damage.
The orc wizard is almost dead.
The zap misses the leopard gecko.
The orc hits you with a +0 hand axe.
* * * LOW HITPOINT WARNING * * *
The leopard gecko closely misses you.
The orc wizard mumbles some strange words.
The orc wizard flickers and vanishes!
Deactivating autopickup; reactivate with Ctrl-A.
Casting: Shock (safe; 6% risk of failure)
Confirm with . or Enter, or press ? or * to list all spells.
Aiming: Shock (safe; 6% risk of failure)
Press: ? - help, Shift-Dir - straight line The zap misses the leopard gecko.
The zap hits something.
Reactivating autopickup.
Your Conjurations skill increases to level 2!
You feel a bit more experienced.
The zap hits the leopard gecko.
The leopard gecko is almost dead.
The leopard gecko misses you. The orc hits you with a +0 hand axe.
You die...

.#........###########.#
#..
#######.#..#..........##
w... #
#.†##.............. .##..
# ####)#####..........#
... ###)..<#
#............# ..##
....#### #.#..........# .
..######...###.....####.#
..#......####............
................@......#
....#...........lo.....#
.....(.######...)......#
..####...# #............
..# ...####..########.
..# ......(......# ..#
#.......[...# ....... ###
#........... #....(.
#........... # #......


You could see an orc and a leopard gecko.

Vanquished Creatures
  An orc priest (D:2)
  Natasha (D:3)
  An orc wizard (D:2)
  2 adders (D:2)
  An ooze (D:1)
  2 leopard geckos
  5 bats
  3 giant cockroaches
  6 goblins
  3 hobgoblins
  3 jackals (D:2)
  5 kobolds
  6 frilled lizards
  2 rats (D:2)
41 creatures vanquished.

Notes
Turn   | Place    | Note
-------+----------+-------------------------------------------
     0 | D:1      | Esekla the Human Air Elementalist began the quest for the
                  | Orb.
     0 | D:1      | Reached XP level 1. HP: 13/13 MP: 3/3
    54 | D:1      | Reached XP level 2. HP: 1/19 MP: 0/5
   656 | D:1      | You fall into a shaft and drop 1 floor!
   892 | D:2      | Reached XP level 3. HP: 18/24 MP: 3/6
  1615 | D:2      | Reached XP level 4. HP: 30/30 MP: 8/8
  1715 | D:2      | Found a radiant altar of Vehumet.
  2067 | D:3      | Noticed Natasha
  2075 | D:3      | Killed Natasha
  2289 | D:1      | Upgraded the game from 0.25-a0-420-g1cc7eeb0d1 to
                  | 0.25-a0-424-g80bd347ae0
  2296 | D:2      | Reached XP level 5. HP: 10/36 MP: 3/9
  2298 | D:2      | Slain by an orc

Levels and vault maps discovered:
D:1:      matt_arrival_grand_opening, layout_basic
D:2:      layout_rooms, vehumet_crystals
D:3:      layout_basic, lemuel_doored_altar, uniq_natasha

Skill      XL: |  1  2  3  4  5 |
---------------+----------------+-----
Spellcasting   | 3 |  3.1
Dodging        | 3 |  3.1
Conjurations   | 2 |  2.0
Fighting       | |  0.7
Short Blades   | |  0.2
Stealth        | |  2.0
Air Magic      | |  3.7

Action                   |  1- 3 |  4- 6 || total
-------------------------+-------+-------++-------
Melee: Unarmed           |     5 |       ||     5
       Dagger            |    18 |    21 ||    39
       Short sword       |       |    14 ||    14
 Cast: Shock             |    25 |    19 ||    44
  Use: Scroll            |       |     6 ||     6
 Stab: Sleeping          |     3 |       ||     3
  Eat: Chunk             |     2 |     1 ||     3
Armor: Robe              |     7 |    12 ||    19
Dodge: Dodged            |    34 |    40 ||    74

Table legend:
 A = Non-vault XP
 B = Vault XP
 C = Vault XP percentage of total XP
 D = Non-vault monster count
 E = Vault monster count
 F = Vault count percentage of total count
                 A         B        C        D         E       F
            +---------+---------+-------+---------+---------+-------
      Total |     168 |      35 |  17.2 |      40 |       1 |   2.4
            +---------+---------+-------+---------+---------+-------
        D:1 |      25 |       0 |   0.0 |      12 |       0 |   0.0
        D:2 |     134 |       0 |   0.0 |      24 |       0 |   0.0
        D:3 |       9 |      35 |  79.5 |       4 |       1 |  20.0
            +---------+---------+-------+---------+---------+-------
